 Dungeon Crawl Stone Soup version 0.19.4-12-gccf7e64 (webtiles) character file.

151 Mesmaeker13 the Skirmisher (level 5, 0/42 HPs)
             Began as a Demonspawn Fighter on Feb 27, 2017.
             Succumbed to an orc's poison
             ... on level 3 of the Dungeon.
             The game lasted 00:03:46 (2525 turns).

Mesmaeker13 the Skirmisher (Demonspawn Fighter)     Turns: 2525, Time: 00:03:47

Health: 0/42       AC:  9    Str: 13 (16) XL:     5   Next: 10%
Magic:  5/5        EV:  3    Int:  9 (11) God:
Gold:   165        SH:  8    Dex: 11 (14) Spells: 0 memorised, 4 levels left

rFire  . . .     SeeInvis .     a - +0 flail
rCold  + . .     Gourm    .     y - +0 chain mail {rF+}
rNeg   . . .     Faith    .     c - +0 shield
rPois  .         Spirit   .     (no helmet)
rElec  .         Reflect  .     (no cloak)
rCorr  +         Harm     .     (no gloves)
MR     .....                    (no boots)
Stlth  ..........               s - amulet of magic regeneration
                                A - ring of ice
                                l - ring of resist corrosion

@: lethally poisoned (0 -> -41)
A: thin skeletal structure 1, demonic guardian 1
a: no special abilities


You were on level 3 of the Dungeon.
You were hungry.

You visited 1 branch of the dungeon, and saw 3 of its levels.

You collected 165 gold pieces.

Inventory:

Hand Weapons
 a - a +0 flail (weapon)
Armour
 c - a +0 shield (worn)
 y - a +0 chain mail of fire resistance (worn)
Jewellery
 l - a ring of resist corrosion (left hand)
 s - an amulet of magic regeneration (around neck)
 A - a ring of ice (right hand)
Wands
 v - a wand of teleportation (3/9)
Scrolls
 e - a scroll of random uselessness {unknown}
 o - 2 scrolls of recharging
 p - 3 scrolls of fear {unknown}
 q - a scroll of blinking {unknown}
 u - 3 scrolls of enchant armour
 x - a scroll of magic mapping {unknown}
Potions
 d - a potion of might
 g - a potion of brilliance {unknown}
 j - a potion of resistance {unknown}
 k - a potion of degeneration
 m - a potion of curing {unknown}
 t - 2 potions of heal wounds {unknown}
 w - a potion of magic {unknown}
 z - a potion of mutation {unknown}
Comestibles
 b - 2 chunks of flesh
 f - 3 bread rations
 h - a royal jelly
 i - a slice of pizza
 n - 2 meat rations
 r - a beef jerky


   Skills:
 + Level 3.8 Fighting
 + Level 2.5 Maces & Flails
 + Level 3.6 Armour
 + Level 3.5 Shields


You had 4 spell levels left.
You didn't know any spells.

Dungeon Overview and Level Annotations

Branches:
Dungeon (3/15)

Altars:
Trog


Innate Abilities, Weirdness & Mutations

You have a somewhat thin skeletal structure. (Dex +2, Stealth)
A weak demonic guardian rushes to your aid.


Message History

* * * LOW HITPOINT WARNING * * *
You feel very sick. You block the orc's attack.
The orc hits you but does no damage.
Your shield and chain mail prevent you from hitting the orc.
The orc is almost dead.
* * * LOW HITPOINT WARNING * * *
You feel sick. You block the orc's attack. x2
You barely miss the orc.
The orc is almost dead.
* * * LOW HITPOINT WARNING * * *
You feel sick. The orc hits you but does no damage.
The orc hits you with a hand axe of venom.
* * * LOW HITPOINT WARNING * * *
You are more poisoned.
You block the orc's attack. The orc hits you but does no damage.
You are more poisoned.
It was a potion of degeneration.
There was something very wrong with that liquid.
You feel weakened.
You feel dopey.
You feel clumsy.
You die...

####..# #.#
...#.# #.#
##.#.###.# .
#.....##.# ...
#.....##.#
....#.#.#.##.###
#.....o.))....#
..#...(##o#.#.#
......####@o.#.#
..... #...#.#
.##. #...#.# .o
##..#.# ..
..>#.# #.# #
...#.##.#.#
#.#.##.#.#
###.#.##.#.#
#.....##.#.#


You could see 2 orcs.

Vanquished Creatures
  A scorpion (D:3)
  Jessica (D:2)
  2 adders
  A dart slug (D:1)
  3 leopard geckos
  3 orcs (D:3)
  7 bats
  5 giant cockroaches
  6 goblins
  7 hobgoblins
  3 jackals (D:1)
  6 kobolds
  3 frilled lizards
  9 rats
57 creatures vanquished.

Vanquished Creatures (collateral kills)
  An orc (D:3)
1 creature vanquished.

Grand Total: 58 creatures vanquished

Notes
Turn   | Place    | Note
-------+----------+-------------------------------------------
     0 | D:1      | Mesmaeker13 the Demonspawn Fighter began the quest for the Orb.
     0 | D:1      | Reached XP level 1. HP: 18/18 MP: 1/1
   542 | D:1      | Gained mutation: You have a somewhat thin skeletal structure. (Dex +2, Stealth) [demonic ancestry]
   542 | D:1      | Reached XP level 2. HP: 19/24 MP: 2/2
  1231 | D:1      | Gained mutation: A weak demonic guardian rushes to your aid. [demonic ancestry]
  1231 | D:1      | Reached XP level 3. HP: 29/29 MP: 3/3
  1937 | D:2      | Noticed Jessica
  1941 | D:2      | Killed Jessica
  1941 | D:2      | Reached XP level 4. HP: 36/36 MP: 4/4
  2438 | D:3      | Found a bloodstained altar of Trog.
  2512 | D:3      | Reached XP level 5. HP: 30/42 MP: 5/5
  2524 | D:3      | HP: 2/42 [orc/hand axe of venom (3)]
  2525 | D:3      | Succumbed to an orc's poison

Skill      XL: |  1  2  3 |
---------------+----------+-----
Armour         | 3 |  3.6
Maces & Flails | 2 |  2.5
Shields        | 3 |  3.5
Fighting       | |  3.8

Action                   |  1- 3 |  4- 6 || total
-------------------------+-------+-------++-------
Melee: Flail             |   134 |    73 ||   207
  Use: Scroll            |       |     2 ||     2
       Potion            |       |     1 ||     1
 Stab: Distracted        |       |     1 ||     1
  Eat: Chunk             |     3 |     2 ||     5
Armor: Scale mail        |    59 |    23 ||    82
       Chain mail        |       |    28 ||    28
Dodge: Dodged            |    39 |    17 ||    56
Block: Shield            |    62 |    42 ||   104
